 Dungeon Crawl Stone Soup version 0.27-a0-1586-gd5c625afe7 (webtiles) character file.

Game seed: 16943134300265961581

20876 Conn the Arsonist (level 12, -7/69 (77) HPs)
             Began as an Octopode Fire Elementalist on July 18, 2021.
             Was a Follower of Sif Muna.
             Mangled by a spriggan rider (15 damage)
             ... on level 2 of the Lair of Beasts.
             The game lasted 01:03:50 (20689 turns).

Conn the Arsonist (Octopode Fire Elementalist)     Turns: 20689, Time: 01:03:50

HP:   -7/69 (77)    AC: 11    Str:  8    XL:     12   Next: 84%
MP:   0/24          EV: 15    Int: 17    God:    Sif Muna [*.....]
Gold: 691           SH:  6    Dex: 19    Spells: 9/28 levels left

rFire    + . .     SeeInvis +   B - +4 dagger "Zusihufu" {freeze, rC+ SInv}
rCold    + + +     Faith    .   w - +0 buckler {AC+3}
rNeg     . . .     Spirit   +   v - +1 hat "Ekhyoc" {Drain rPois rC+++ Int-4}
rPois    +         Reflect  .   h - amulet of guardian spirit
rElec    +         Harm     .   d - +6 ring of dexterity
rCorr    +         Rampage  .   q - ring of Dyoluosch {rElec rF+ rC++ Will-}
Will     .....                  r - ring of resist corrosion
Stlth    +++++.....             (no ring)
HPRegen  0.21/turn              (no ring)
MPRegen  0.19/turn              (no ring)
                                (no ring)
                                (no ring)

@: ice-armoured, channeling, heavily drained
A: almost no armour, amphibious, 8 rings, camouflage 1, gelatinous body 1,
(nimble swimmer 1), tentacles
a: Renounce Religion, Channel Magic


You were on level 2 of the Lair of Beasts.
You worshipped Sif Muna.
Sif Muna was aware of your devotion.
You visited 3 branches of the dungeon, and saw 13 of its levels.
You also visited: Bailey.

You collected 898 gold pieces.
You spent 207 gold pieces at shops.

Inventory:

Hand Weapons
 g - a +1 whip of electrocution
 s - a +6 long sword of freezing
 u - a +2 dagger of pain
 B - the +4 dagger "Zusihufu" (weapon) {freeze, rC+ SInv}
   (You took it off a goblin in a bailey)

   It freezes those it strikes, dealing additional cold damage.
   It can also slow down cold-blooded creatures.
   rC:        It protects you from cold.
   SInv:      It lets you see invisible.
Missiles
 o - 14 curare-tipped darts
 F - 2 throwing nets
 M - 5 datura-tipped darts
Armour
 v - the +1 hat "Ekhyoc" (worn) {Drain rPois rC+++ Int-4}
   (You bought it in a shop on level 4 of the Dungeon)

   Int:       It affects your intelligence (-4).
   rC:        It renders you almost immune to cold.
   rPois:     It protects you from poison.
   Drain:     It drains your maximum health when unequipped.
 w - a +0 buckler of protection (worn)
Jewellery
 d - a +6 ring of dexterity (left tentacle)
 h - an amulet of guardian spirit (around mantle)
 q - the ring of Dyoluosch (right tentacle) {rElec rF+ rC++ Will-}
   (You took it off an orc on level 5 of the Dungeon)

   [ring of protection from fire]

   rF:        It protects you from fire.
   rC:        It greatly protects you from cold.
   rElec:     It insulates you from electricity.
   Will:      It decreases your willpower.
 r - a ring of resist corrosion (on tentacle)
 y - a ring of ice
 C - a ring of ice
Wands
 f - a wand of flame (9)
 n - a wand of iceblast (12)
 D - a wand of charming (1)
 E - a wand of acid (7)
Scrolls
 b - 13 scrolls of identify
 c - a scroll of acquirement {unknown}
 e - 6 scrolls of teleportation
 i - a scroll of magic mapping
 l - 3 scrolls of noise
 p - 2 scrolls of amnesia
 A - a scroll of enchant armour {unknown}
 J - a scroll of holy word {unknown}
Potions
 a - 4 potions of heal wounds {unknown}
 j - 3 potions of attraction {unknown}
 k - 3 potions of flight {unknown}
 m - a potion of resistance
 t - 5 potions of berserk rage {unknown}
 x - a potion of lignification {unknown}
 z - 4 potions of curing
 G - 3 potions of might
 H - 2 potions of magic {unknown}
 K - a potion of brilliance
 L - a potion of cancellation {unknown}


   Skills:
 + Level 5.0 Fighting
 + Level 2.3(3.7) Short Blades
 + Level 4.3(4.7) Long Blades
 + Level 1.5 Maces & Flails
 + Level 4.6 Dodging
 + Level 7.0 Stealth
 * Level 7.1 Shields
 + Level 0.5 Unarmed Combat
 + Level 8.9 Spellcasting
 + Level 7.9 Conjurations
 + Level 1.4 Hexes
 * Level 10.9 Fire Magic
 + Level 4.7 Ice Magic
 * Level 2.4 Invocations
 + Level 1.6 Evocations


You had 9 spell levels left.
You knew the following spells:

 Your Spells              Type           Power      Damage    Failure   Level
a - Foxfire               Conj/Fire      100%       2x1d9     1%          1
b - Conjure Flame         Conj/Fire      39%        6-21      1%          3
c - Inner Flame           Hex/Fire       28%        N/A       2%          3
d - Sticky Flame          Conj/Fire      39%        2d6       1%          4
e - Fireball              Conj/Fire      19%        3d9       5%          5
f - Ozocubu's Armour      Ice            23%        N/A       4%          3

Your spell library contained the following spells:

 Spells                   Type           Power      Damage    Failure   Level
 Shock                    Conj/Air       84%        1d8       1%          1
 Ensorcelled Hibernation  Hex/Ice        36%        N/A       4%          2
 Corona                   Hex            13%        N/A       5%          1
 Tukima's Dance           Hex            12%        N/A       16%         3
 Swiftness                Air            7%         N/A       28%         3
 Airstrike                Air            3%         N/A       67%         4
 Conjure Ball Lightning   Conj/Air       10%        3x3d6     96%         6
 Ozocubu's Refrigeration  Ice            11%        4d7       100%        7
 Discord                  Hex            6%         N/A       100%        8
 Disjunction              Tloc           3%         N/A       100%        8


Dungeon Overview and Level Annotations

Branches:
Dungeon (10/15)            Temple (1/1) D:7            Lair (2/6) D:8
  Swamp (0/4) Lair:2       Bailey (visited)
  Snake: Lair:2-4    Spider: Lair:2-4       Orc: D:9-12

Altars:
Ashenzari
Cheibriados
Dithmenos
Elyvilon
Fedhas
Gozag
Hepliaklqana
Kikubaaqudgha
Makhleb
Nemelex Xobeh
Okawaru
Qazlal
Ru
Sif Muna
Trog
Uskayaw
Vehumet
Wu Jian
Xom
Yredelemnul
Zin
The Shining One

Shops:
D:4 [

Annotations:
D:3 2 transporters
D:4 2 transporters
Lair:2 exclusion: oklob plant, Ryshrush's ghost, journeyman MiBe


Innate Abilities, Weirdness & Mutations

You cannot wear most types of armour.
You are amphibious.
You can wear up to eight rings at the same time.
Your skin changes colour to match your surroundings (Stealth+).
Your rubbery body absorbs attacks. (AC +1, EV +1)
((You are camouflaged near water. (Stealth+)))
You have tentacles for arms and can constrict up to eight enemies at once.


Message History

The spriggan rider hits you from afar with the +6 trident of Huchau {drain, Dex+2}!
* * * LOW HITPOINT WARNING * * *
You feel drained.
Press: ? - help, v - describe, . - travel
Here: a spriggan, wielding a +0 trident (fast)
The floor.
Unknown command.
Unknown command.
Okay, then.
Okay, then.
Aiming: Charm
Press: ? - help, Shift-Dir - straight line, f - spriggan, p - spriggan rider
Aim: a spriggan, wielding a +0 trident (fast, chance to affect: 18%)
Okay, then.
Unknown command.
Unknown command.
Okay, then.
Press: ? - help, v - describe, . - travel
Here: a spriggan rider, wielding the +6 trident of Huchau {drain, Dex+2} (lightly wounded)
The floor.
Unknown command.
Unknown command.
Unknown command.
Okay, then.
Okay, then.
Okay, then.
Unknown command.
Unknown command.
Okay, then.
Okay, then.
Unknown command.
Unknown command.
Unknown command.
Okay, then.
Okay, then.
Casting: Fireball (dangerous; 5% risk of failure)
Confirm with . or Enter, or press ? or * to list all spells.
A film of ice covers your body!
The spriggan rider hits you from afar with the +6 trident of Huchau {drain, Dex+2}!!
You die...

♣♣♣♣♣..§§§♣ ##.♣..♣♣♣♣..##
♣>≈≈♣♣♣♣§§♣♣♣..#♣.♣♣ ♣♣..# #
♣♣≈≈≈♣♣♣..♣♣...8#♣.♣..♣..# #
♣♣§§§♣♣♣..♣♣...#...♣.♣♣.# #
♣§§§≈§≈≈..♣....W.♣...♣♣## #
♣§§§≈§≈≈≈≈♣i...#g....♣
♣♣§§§§§§≈♣♣hii8#..♣..♣♣## #
♣§.§§§§§.♣....#♣♣...♣♣..# ##
♣.§§.§§§♣♣...@♣..♣♣♣♣.?.##
.#♣♣♣♣.§.♣♣♣.....♣♣♣♣.......##
.....♣♣♣♣♣...................#
.............................## #
..............................# #
.....................[.......####
.............................# #.
<............................# #.
............................####.


You could see 2 spriggan riders, a spriggan (fast), a wolf (fleeing), a boggart
(invisible, fleeing) and Ryshrush's ghost.

Vanquished Creatures
  Harold (D:9)
  3 hydras
  2 two-headed ogres
  A skeletal warrior (D:9)
  Pikel (D:8)
  2 orc knights (Bailey)
  Maurice (D:9)
  A black mamba (Lair:1)
  7 cane toads
  6 komodo dragons
  A hornet (D:9)
  9 blink frogs
  15 yaks
  Eustachio (D:4)
  2 basilisks
  2 swamp worms (Lair:2)
  6 water moccasins
  8 orc warriors
  2 black bears
  3 sky beasts
  An ice beast (D:8)
  2 necrophages
  3 ogres
  5 wolves (Lair:2)
  3 centaurs
  A phantom (D:6)
  2 lemures (D:8)
  5 kobold brigands
  2 gnoll sergeants
  10 bullfrogs
  A water moccasin zombie (D:4)
  2 scorpions
  A water moccasin skeleton (D:5)
  6 killer bees (D:9)
  13 wights
  2 howler monkeys
  2 centaur zombies
  2 bullfrog zombies (D:7)
  3 hounds
  5 orc priests
  A centaur skeleton (D:6)
  2 iguanas
  Jessica (D:3)
  10 orc wizards
  A hound skeleton (D:4)
  A howler monkey zombie (D:7)
  12 gnolls
  6 adders
  A shadow imp (D:6)
  2 white imps
  43 orcs
  5 bats
  5 endoplasms
  A giant cockroach (D:4)
  11 goblins
  12 hobgoblins
  2 jackals (D:3)
  6 quokkas
  8 ball pythons
  2 frilled lizards (D:2)
  41 kobolds
  4 rats
322 creatures vanquished.

Vanquished Creatures (collateral kills)
  A foxfire (Lair:2)
1 creature vanquished.

Vanquished Creatures (others)
  1053 foxfires
  6 fungi (Lair:2)
  58 plants
1117 creatures vanquished.

Grand Total: 1440 creatures vanquished

Notes
Turn   | Place    | Note
-------+----------+-------------------------------------------
     0 | D:1      | Conn the Octopode Fire Elementalist began the quest for the
                  | Orb.
     0 | D:1      | Reached XP level 1. HP: 11/11 MP: 3/3
   449 | D:1      | Reached XP level 2. HP: 17/17 MP: 3/5
  1060 | D:2      | Reached XP level 3. HP: 20/21 MP: 2/6
  1273 | D:2      | Found a faded altar of an unknown god.
  1448 | D:2      | Reached XP level 4. HP: 23/27 MP: 4/8
  1768 | D:3      | Noticed Jessica
  1773 | D:3      | Killed Jessica
  1928 | D:3      | Found a transporter.
  2131 | D:3      | Found a transporter.
  2156 | D:3      | Reached XP level 5. HP: 31/31 MP: 3/9
  2553 | D:3      | Found an iron altar of Okawaru.
  2555 | D:3      | Found a bloodstained altar of Trog.
  2555 | D:3      | Found a shimmering altar of Xom.
  2560 | D:3      | Found a hazy altar of Hepliaklqana.
  2560 | D:3      | Found an ancient bone altar of Kikubaaqudgha.
  2560 | D:3      | Found an opulent altar of Gozag.
  2821 | D:4      | Noticed a necrophage
  2822 | D:4      | Found a radiant altar of Vehumet.
  2837 | D:4      | Killed a necrophage
  2838 | D:4      | Reached skill level 4 in Fire Magic
  2838 | D:4      | Reached XP level 6. HP: 34/36 MP: 6/11
  2977 | D:4      | Noticed Eustachio
  2995 | D:4      | Found Keyw's Antique Armour Boutique.
  3018 | D:5      | Entered Level 5 of the Dungeon
  3459 | D:5      | Reached skill level 1 in Maces & Flails
  3465 | D:5      | Identified the ring of Dyoluosch {rElec rF+ rC++ Will-}
  3582 | D:5      | Reached XP level 7. HP: 41/42 MP: 13/13
  3604 | D:5      | Reached skill level 1 in Fighting
  3613 | D:5      | Reached skill level 5 in Stealth
  3714 | D:5      | Learned a level 3 spell: Conjure Flame
  3718 | D:5      | Learned a level 3 spell: Inner Flame
  3723 | D:5      | Learned a level 4 spell: Sticky Flame
  4373 | D:4      | Reached skill level 1 in Evocations
  4555 | D:4      | Reached XP level 8. HP: 47/50 MP: 5/14
  4620 | D:4      | Learned a level 3 spell: Ozocubu's Armour
  4666 | D:4      | Found a transporter.
  4683 | D:4      | Found a transporter.
  4684 | D:4      | Noticed a toenail golem
  4920 | D:4      | Killed Eustachio
  4921 | D:4      | Reached skill level 5 in Fire Magic
  5015 | D:4      | Reached skill level 1 in Ice Magic
  5533 | D:4      | Bought a polished hat for 207 gold pieces
  5533 | D:4      | Identified the +1 hat "Ekhyoc" {Drain rPois rC+++ Int-4}
                  | (You bought it in a shop on level 4 of the Dungeon)
  5838 | D:6      | Found a sparkling altar of Nemelex Xobeh.
  6234 | D:6      | You fall into a shaft and drop 2 floors!
  6240 | D:8      | Found a staircase to the Lair.
  6350 | D:7      | Found a broken altar of Ashenzari.
  6372 | D:7      | Reached skill level 1 in Short Blades
  6523 | D:7      | Reached skill level 5 in Spellcasting
  6688 | D:7      | Reached skill level 6 in Fire Magic
  6994 | D:7      | Found a staircase to the Ecumenical Temple.
  7012 | D:7      | Reached XP level 9. HP: 55/55 MP: 8/16
  8202 | D:6      | Reached skill level 1 in Long Blades
  8630 | D:6      | Reached skill level 1 in Shields
  8669 | D:6      | Reached skill level 7 in Fire Magic
  9112 | D:6      | Noticed a two-headed ogre
  9139 | D:6      | Killed a two-headed ogre
  9140 | D:6      | Reached skill level 5 in Conjurations
  9140 | D:6      | Reached XP level 10. HP: 15/62 MP: 1/19
  9397 | D:6      | Learned a level 5 spell: Fireball
  9764 | D:6      | Reached skill level 8 in Fire Magic
 11093 | D:8      | Noticed Pikel
 11106 | D:8      | Killed Pikel
 12227 | D:9      | Reached XP level 11. HP: 68/68 MP: 17/21
 12256 | D:9      | Reached skill level 9 in Fire Magic
 12316 | D:9      | Found a flagged portal.
 12430 | D:9      | Noticed a five-headed hydra
 12430 | D:9      | Noticed a skeletal warrior
 12436 | D:9      | Noticed a two-headed ogre
 12440 | D:9      | Killed a five-headed hydra
 12489 | D:9      | Killed a two-headed ogre
 12490 | D:9      | Reached skill level 5 in Shields
 12496 | Bailey   | Entered a bailey
 12885 | Bailey   | Noticed an orc knight
 12886 | Bailey   | Noticed an orc knight
 13075 | Bailey   | Identified the +4 dagger "Zusihufu" {freeze, rC+ SInv}
 13916 | Bailey   | Killed an orc knight
 14112 | Bailey   | Killed an orc knight
 14381 | D:9      | Reached skill level 1 in Hexes
 14508 | D:9      | Killed a skeletal warrior
 15096 | D:9      | Found a bloodstained altar of Trog.
 15157 | D:9      | Found an opulent altar of Gozag.
 15157 | D:9      | Found an iron altar of Okawaru.
 15213 | D:9      | Noticed Maurice
 15222 | D:9      | Killed Maurice
 15366 | D:9      | Noticed Harold
 15667 | D:9      | Found a blossoming altar of Fedhas.
 15902 | D:9      | Found a snail-covered altar of Cheibriados.
 15902 | D:9      | Found a basalt altar of Yredelemnul.
 15939 | D:9      | Paralysed by a hornet for 1 turns
 16049 | D:9      | Killed Harold
 16050 | D:9      | Reached skill level 10 in Fire Magic
 16364 | D:10     | Entered Level 10 of the Dungeon
 16364 | D:10     | Noticed a two-headed ogre
 16505 | Temple   | Entered the Ecumenical Temple
 16635 | Temple   | Became a worshipper of Sif Muna the Loreminder
 16964 | Lair:1   | Entered Level 1 of the Lair of Beasts
 17256 | Lair:1   | Reached XP level 12. HP: 71/74 MP: 18/24
 18616 | Lair:2   | Reached * piety under Sif Muna
 18617 | Lair:2   | Reached skill level 1 in Invocations
 18702 | Lair:2   | Noticed a seven-headed hydra
 18734 | Lair:2   | Killed a seven-headed hydra
 18979 | Lair:2   | Found a staircase to the Swamp.
 18979 | Lair:2   | Noticed an eight-headed hydra
 19210 | Lair:2   | Killed an eight-headed hydra
 19211 | Lair:2   | Reached skill level 5 in Fighting
 20346 | Lair:2   | Found a runed translucent door.
 20347 | Lair:2   | Noticed Ryshrush's ghost (journeyman MiBe)
 20349 | Lair:2   | Identified the +6 trident of Huchau {drain, Dex+2}
 20689 | Lair:2   | Mangled by a spriggan rider

Illustrated notes

Levels and vault maps discovered:
D:1:      pf_arrival_petrified_forest, layout_basic
D:2:      layout_rooms, basic_ecumenical_altar, hex_large
D:3:      gammafunk_steamed_eel, layout_loops_cross, doesnt_xom_only_xom,
          kennysheep_donut, hangedman_abyss_or_decor_lesser_grid, uniq_jessica
D:4:      layout_loops_corners, nicolae_vehumet_radiance,
          gammafunk_ghost_abyssal_escape, nicolae_take_the_stairs,
          uniq_eustachio
D:5:      layout_basic
D:6:      layout_basic, kennysheep_mini_moat, hangedman_decor_growths,
          kennysheep_small_square
D:7:      layout_loops_ring, old_standard_altar, minmay_temple_entry_slanted
D:8:      layout_loops_corners, david_lair_shrubbed, minmay_misc_feat_square,
          minmay_unpleasant_kobolds, uniq_pikel
D:9:      layout_gridville, fedhas_altar_1, gammafunk_temple_overflow_wave,
          chequers_temple_overflow_statue_of_worship, kennysheep_mini,
          enter_bailey_3, minivault_20, uniq_harold, uniq_maurice
D:10:     layout_loops_ring
Temple:   minmay_temple_bridge_abc
Lair:1:   layout_roguey, grunt_megastairs_3
Lair:2:   layout_cave_shapes, palyth_hydra_swamp_entry,
          ebering_ghost_funeral_grove, chequers_serial_rivers_micro_e,
          chequers_serial_rivers_micro_d, nicolae_quartered_pool_little,
          grunt_forest_small_clearings, minmay_lair_oklob_chamber

Skill      XL: |  1  2  3  4  5  6  7  8  9 10 11 12 |
---------------+-------------------------------------+-----
Stealth        | 3 4 5 6 7 |  7.0
Spellcasting   | 3 4 5 6 8 |  8.9
Conjurations   | 2 3 4 5 6 7 |  7.9
Fire Magic     | 4 6 7 8 10 | 10.9
Maces & Flails | 1 |  1.5
Fighting       | 1 2 3 4 5 |  5.0
Dodging        | 3 4 |  4.6
Evocations     | 1 |  1.6
Ice Magic      | 2 4 |  4.7
Short Blades   | 1 2 |  2.3
Long Blades    | 1 3 4 |  4.3
Shields        | 2 4 5 7 |  7.1
Hexes          | 1 |  1.4
Invocations    | 2 |  2.4
Unarmed Combat | |  0.5

Action                   |  1- 3 |  4- 6 |  7- 9 | 10-12 || total
-------------------------+-------+-------+-------+-------++-------
Melee: Unarmed           |     7 |       |       |       ||     7
       Constrict         |     2 |     7 |    20 |    29 ||    58
       Whip              |       |    31 |     3 |       ||    34
       Tentacles         |       |     3 |    20 |    38 ||    61
       Dagger            |       |       |    53 |    78 ||   131
       Long sword        |       |       |    33 |    71 ||   104
       Punch             |       |       |       |     2 ||     2
 Cast: Foxfire           |    48 |    71 |   176 |   330 ||   625
       Conjure Flame     |       |       |    16 |    14 ||    30
       Sticky Flame      |       |       |    16 |    51 ||    67
       Inner Flame       |       |       |     2 |     9 ||    11
       Fireball          |       |       |       |    48 ||    48
       Ozocubu's Armour  |       |       |       |     7 ||     7
Invok: Channel Magic     |       |       |       |     2 ||     2
Evoke: Wand              |       |       |     3 |     9 ||    12
  Use: Potion            |       |     4 |     1 |     2 ||     7
       Scroll            |       |       |     8 |     7 ||    15
 Stab: Sleeping          |       |     3 |     5 |    10 ||    18
       Distracted        |       |       |       |     1 ||     1
Armor: Skin              |     3 |     8 |    12 |    29 ||    52
Dodge: Dodged            |    12 |    51 |    76 |   146 ||   285
Block: Buckler           |       |       |     6 |    65 ||    71
       Rpst.: Long sword |       |       |     9 |    11 ||    20

Table legend: (Time is in decaauts)
 A = Elapsed time spent in this place.
 B = Non-inter-level travel time spent in this place.
 C = Inter-level travel time spent in this place.
 D = Time resting spent in this place.
 E = Time spent auto-exploring this place.
 F = Levels seen in this place.
 G = Mean time per level.
                   A        B        C        D        E       F      G
               +--------+--------+--------+--------+--------+-----+--------+
         Total |  20723 |  20037 |    686 |   4924 |   9804 |  14 | 1480.2 |
       Dungeon |  15037 |  14377 |    660 |   3245 |   7355 |  10 | 1503.7 |
        Temple |    157 |    157 |      0 |      0 |    109 |   1 |  157.0 |
          Lair |   3716 |   3691 |     25 |    542 |   2338 |   2 | 1858.0 |
        Bailey |   1811 |   1811 |      0 |   1137 |      2 |   1 | 1811.0 |
               +--------+--------+--------+--------+--------+-----+--------+

Top non-repeatable levels by time:
  Lair:2: 2589 daAuts
     D:8: 2479 daAuts
     D:9: 2377 daAuts
     D:6: 2138 daAuts
     D:7: 1971 daAuts
  Bailey: 1811 daAuts
     D:5: 1640 daAuts
     D:4: 1627 daAuts
  Lair:1: 1126 daAuts
     D:1: 1053 daAuts
     D:3: 1033 daAuts
     D:2: 714 daAuts
  Temple: 157 daAuts
    D:10: 1 daAuts
